| TOP OF THE 1ST |
|
Bluefield Blue Jays batting - Pitching for Seattle (APP) Mariners : LHP Tristan Martin
|
|
Pitching: LHP Tristan Martin
|
|
|
Batting: RHB Lewis O'Connell
|
0-0: Foul Ball, location: 2F 0-1: Ground out 6-3 (Groundball, 6, EV 88.8 MPH)
|
|
Batting: SHB Toby Patenaude
|
0-0: Swinging Strike 0-1: Swinging Strike 0-2: Foul Ball, location: 2F 0-2: Ground out 5-3 (Groundball, 56S, EV 78.8 MPH)
|
|
Batting: RHB Mark Noftall
|
0-0: Ball 1-0: TRIPLE (Flyball, 78XD, EV 96.2 MPH)
|
|
Batting: RHB Cedric Nicholls
|
0-0: Ball 1-0: Ball 2-0: Ball 3-0: Called Strike 3-1: Fly out, F9 (Line Drive, 9LS, EV 99.4 MPH)
|
| Top of the 1st over - 0 runs, 1 hit, 0 errors, 1 left on base; Bluefield 0 - Seattle (APP) 0 |
| BOTTOM OF THE 1ST |
|
Seattle (APP) Mariners batting - Pitching for Bluefield Blue Jays : LHP Frank Cota
|
|
Pitching: LHP Frank Cota
|
|
|
Batting: RHB Joaquin Salazar
|
0-0: Ball 1-0: Foul Ball, location: 2F 1-1: Ball 2-1: Ball 3-1: Base on Balls
|
|
Batting: RHB Rich Griffith
|
0-0: Swinging Strike Joaquin Salazar steals 2nd base (no throw) 0-1: Foul Ball, location: 2F 0-2: Strikes out swinging
|
|
Batting: RHB Eddie Luna
|
0-0: DOUBLE (Flyball, 8RXD, EV 99.4 MPH) Joaquin Salazar scores
|
|
Batting: RHB Ross Hallock
|
0-0: Called Strike 0-1: Ground out 4-3 (Groundball, 4, EV 99.4 MPH) Eddie Luna to third
|
|
Batting: SHB Carlos Luna
|
0-0: Called Strike 0-1: Ground out 6-3 (Groundball, 6, EV 78.8 MPH)
|
| Bottom of the 1st over - 1 run, 1 hit, 0 errors, 1 left on base; Bluefield 0 - Seattle (APP) 1 |
| TOP OF THE 2ND |
|
Bluefield Blue Jays batting - Pitching for Seattle (APP) Mariners : LHP Tristan Martin
|
|
Batting: RHB Benedikt Fleischmann
|
0-0: Ball 1-0: Swinging Strike 1-1: Ball 2-1: Foul Ball, location: 2F 2-2: DOUBLE (Line Drive, 8LD, EV 109.4 MPH)
|
|
Batting: RHB Tom Bergman
|
0-0: Ball 1-0: Ball 2-0: Ball 3-0: Called Strike 3-1: Base on Balls
|
|
Batting: RHB Victor Ortiz
|
0-0: Foul Ball, location: 2F 0-1: DOUBLE (Groundball, 5L, EV 97.5 MPH) Benedikt Fleischmann scores Tom Bergman to third
|
|
Batting: RHB Jerry Perez
|
0-0: Ball 1-0: Called Strike 1-1: Swinging Strike 1-2: Ground out U3 (Groundball, 34, EV 88.1 MPH) Tom Bergman scores Victor Ortiz to third
|
|
Batting: SHB Miguel Sano Jr.
|
0-0: Ball 1-0: Called Strike 1-1: Ball 2-1: Ball 3-1: Foul Ball, location: 2F 3-2: Fly out, F9 (Flyball, 89M, EV 89.4 MPH)
|
|
Batting: RHB Lewis O'Connell
|
0-0: Reached on error, E5 (Groundball, 5S, EV 88.1 MPH) Victor Ortiz scores
|
|
Batting: SHB Toby Patenaude
|
0-0: Ball Lewis O'Connell steals 2nd base 1-0: Called Strike 1-1: Foul Ball, location: 2F 1-2: Ball 2-2: Ball 3-2: Strikes out swinging
|
| Top of the 2nd over - 3 runs, 2 hits, 1 error, 1 left on base; Bluefield 3 - Seattle (APP) 1 |
| BOTTOM OF THE 2ND |
|
Seattle (APP) Mariners batting - Pitching for Bluefield Blue Jays : LHP Frank Cota
|
|
Batting: RHB Steve Carmichael
|
0-0: Called Strike 0-1: Bunted foul 0-2: Ball 1-2: Ball 2-2: Ball 3-2: Foul Ball, location: 2F 3-2: Base on Balls
|
|
Batting: RHB Ziven Badersky
|
0-0: Foul Ball, location: 2F 0-1: Ball Steve Carmichael steals 2nd base 1-1: Foul Ball, location: 2F 1-2: Foul Ball, location: 2F 1-2: Foul Ball, location: 2F 1-2: Ground out 4-3 (Groundball, 4, EV 104.4 MPH) Steve Carmichael to third
|
|
Batting: LHB Prince Nunley
|
0-0: Ground out 5-3 (Groundball, 56, EV 85.6 MPH) Steve Carmichael scores
|
|
Batting: RHB Tristan Martin
|
0-0: DOUBLE (Line Drive, 78D, EV 106.9 MPH)
|
|
Batting: RHB Joaquin Salazar
|
0-0: Ball 1-0: Foul Ball, location: 2F 1-1: Ball 2-1: Called Strike 2-2: SINGLE (Groundball, 6MD, EV 103.1 MPH) Tristan Martin to third Throwing error, E8 Tristan Martin scores Joaquin Salazar to second
|
|
Batting: RHB Rich Griffith
|
0-0: Called Strike 0-1: Ball 1-1: Ball 2-1: Foul Ball, location: 2F 2-2: Foul Ball, location: 2F 2-2: Foul Ball, location: 2F 2-2: Ball 3-2: Ground out U3 (Groundball, 34S, EV 73.1 MPH)
|
| Bottom of the 2nd over - 2 runs, 2 hits, 1 error, 1 left on base; Bluefield 3 - Seattle (APP) 3 |
| TOP OF THE 3RD |
|
Bluefield Blue Jays batting - Pitching for Seattle (APP) Mariners : LHP Tristan Martin
|
|
Batting: RHB Mark Noftall
|
0-0: Ball 1-0: Ball 2-0: Ball 3-0: Base on Balls
|
|
Batting: RHB Cedric Nicholls
|
0-0: Swinging Strike 0-1: Ball 1-1: Called Strike 1-2: Strikes out looking
|
|
Batting: RHB Benedikt Fleischmann
|
0-0: Ball 1-0: Foul Ball, location: 2F 1-1: Called Strike 1-2: Ball 2-2: Fielders Choice at 2nd, 1-6 (Groundball, 34S, EV 64.4 MPH)
|
|
Batting: RHB Tom Bergman
|
0-0: Ball 1-0: Ball Benedikt Fleischmann steals 2nd, throwing error, E2 Benedikt Fleischmann to third 2-0: Foul Ball, location: 2F 2-1: Ball 3-1: Base on Balls
|
|
Batting: RHB Victor Ortiz
|
0-0: Foul Ball, location: 2F 0-1: Foul Ball, location: 2F 0-2: Strikes out looking
|
| Top of the 3rd over - 0 runs, 0 hits, 1 error, 2 left on base; Bluefield 3 - Seattle (APP) 3 |
| BOTTOM OF THE 3RD |
|
Seattle (APP) Mariners batting - Pitching for Bluefield Blue Jays : LHP Frank Cota
|
|
Batting: RHB Eddie Luna
|
0-0: Called Strike 0-1: Ball 1-1: Ball 2-1: Foul Ball, location: 2F 2-2: SINGLE (Line Drive, 78M, EV 102.5 MPH)
|
|
Batting: RHB Ross Hallock
|
0-0: Ball 1-0: Ball 2-0: Called Strike 2-1: Fielders Choice at 2nd, 4-6 (Groundball, 34, EV 100.6 MPH)
|
|
Batting: SHB Carlos Luna
|
0-0: Ball 1-0: Fly out, F8 (Flyball, 8RD, EV 106.9 MPH)
|
|
Batting: RHB Steve Carmichael
|
0-0: Ball 1-0: Ball 2-0: Fielders Choice at 2nd, 5-4 (Groundball, 56, EV 92.5 MPH)
|
| Bottom of the 3rd over - 0 runs, 1 hit, 0 errors, 1 left on base; Bluefield 3 - Seattle (APP) 3 |
| TOP OF THE 4TH |
|
Bluefield Blue Jays batting - Pitching for Seattle (APP) Mariners : LHP Tristan Martin
|
|
Batting: RHB Jerry Perez
|
0-0: Ball 1-0: Foul Ball, location: 2F 1-1: Swinging Strike 1-2: Foul Ball, location: 2F 1-2: Ball 2-2: Strikes out swinging
|
|
Batting: SHB Miguel Sano Jr.
|
0-0: Ball 1-0: Ground out 6-3 (Groundball, 6, EV 88.8 MPH)
|
|
Batting: RHB Lewis O'Connell
|
0-0: SINGLE (Groundball, 5L, EV 81.2 MPH) (infield hit)
|
|
Batting: SHB Toby Patenaude
|
0-0: Ball Lewis O'Connell steals 2nd base 1-0: Ground out 5-3 (Groundball, 56S, EV 70.0 MPH)
|
| Top of the 4th over - 0 runs, 1 hit, 0 errors, 1 left on base; Bluefield 3 - Seattle (APP) 3 |
| BOTTOM OF THE 4TH |
|
Seattle (APP) Mariners batting - Pitching for Bluefield Blue Jays : LHP Frank Cota
|
|
Batting: RHB Ziven Badersky
|
0-0: Ball 1-0: Ball 2-0: Called Strike 2-1: Swinging Strike 2-2: Ball 3-2: Foul Ball, location: 2F 3-2: Strikes out swinging
|
|
Batting: LHB Prince Nunley
|
0-0: Called Strike 0-1: Fly out, F9 (Flyball, 9D, EV 100.6 MPH)
|
|
Batting: RHB Tristan Martin
|
0-0: SINGLE (Flyball, 8RS, EV 90.0 MPH)
|
|
Batting: RHB Joaquin Salazar
|
0-0: DOUBLE (Groundball, 5L, EV 105.6 MPH) Tristan Martin to third Runner from 3rd tries for Home, SAFE, no throw by LF
|
|
Batting: RHB Rich Griffith
|
0-0: Ball 1-0: Called Strike 1-1: 2-RUN HOME RUN (Flyball, 9LD, EV 93.1 MPH), Distance : 337 ft
|
|
Pitching: LHP William Capuano
|
|
|
Batting: RHB Eddie Luna
|
0-0: Called Strike 0-1: Swinging Strike 0-2: Ball 1-2: Ball 2-2: Foul Ball, location: 2F 2-2: Ball 3-2: Ground out 6-3 (Groundball, 56, EV 83.1 MPH)
|
| Bottom of the 4th over - 3 runs, 3 hits, 0 errors, 0 left on base; Bluefield 3 - Seattle (APP) 6 |
| TOP OF THE 5TH |
|
Bluefield Blue Jays batting - Pitching for Seattle (APP) Mariners : LHP Tristan Martin
|
|
Batting: RHB Mark Noftall
|
0-0: Foul Ball, location: 2F 0-1: Ball 1-1: Called Strike 1-2: Ball 2-2: Strikes out swinging
|
|
Pitching: RHP Daniel Villalobos
|
|
|
Batting: RHB Cedric Nicholls
|
0-0: Ball 1-0: Ball 2-0: Fly out, F8 (Flyball, 8LD, EV 89.4 MPH)
|
|
Pinch Hitting: LHB Edwin Esparza
|
0-0: Ball 1-0: Called Strike 1-1: Swinging Strike 1-2: Strikes out looking
|
| Top of the 5th over - 0 runs, 0 hits, 0 errors, 0 left on base; Bluefield 3 - Seattle (APP) 6 |
| BOTTOM OF THE 5TH |
|
Seattle (APP) Mariners batting - Pitching for Bluefield Blue Jays : LHP William Capuano
|
|
Now in CF: Jessie Stewart
|
|
|
Batting: RHB Ross Hallock
|
0-0: Ball 1-0: Ball 2-0: Fly out, F9 (Line Drive, 9LM, EV 85.0 MPH)
|
|
Batting: SHB Carlos Luna
|
0-0: Ground out 4-3 (Groundball, 4, EV 80.0 MPH)
|
|
Batting: RHB Steve Carmichael
|
0-0: Swinging Strike 0-1: Ball 1-1: Ball 2-1: Called Strike 2-2: Foul Ball, location: 2F 2-2: Ball 3-2: Foul Ball, location: 2F 3-2: Base on Balls
|
|
Batting: RHB Ziven Badersky
|
0-0: TRIPLE (Line Drive, 89XD, EV 107.5 MPH) Steve Carmichael scores
|
|
Batting: LHB Prince Nunley
|
0-0: Ball 1-0: Foul Ball, location: 2F 1-1: 2-RUN HOME RUN (Flyball, 9D, EV 94.4 MPH), Distance : 377 ft
|
|
Pitching: RHP Philip Sonnichsen
|
|
|
Batting: RHB Tristan Martin
|
0-0: Fly out, F8 (Flyball, 8RD, EV 96.9 MPH)
|
| Bottom of the 5th over - 3 runs, 2 hits, 0 errors, 0 left on base; Bluefield 3 - Seattle (APP) 9 |
| TOP OF THE 6TH |
|
Bluefield Blue Jays batting - Pitching for Seattle (APP) Mariners : RHP Daniel Villalobos
|
|
Batting: RHB Tom Bergman
|
0-0: Ball 1-0: Called Strike 1-1: Foul Ball, location: 2F 1-2: Strikes out swinging
|
|
Batting: RHB Victor Ortiz
|
0-0: Ball 1-0: Ground out 5-3 (Groundball, 56, EV 83.1 MPH)
|
|
Pinch Hitting: RHB Jim Sabin
|
0-0: Fly out, F4 (Flyball, 34D, EV 80.6 MPH)
|
| Top of the 6th over - 0 runs, 0 hits, 0 errors, 0 left on base; Bluefield 3 - Seattle (APP) 9 |
| BOTTOM OF THE 6TH |
|
Seattle (APP) Mariners batting - Pitching for Bluefield Blue Jays : RHP Philip Sonnichsen
|
|
Now at 3B: Hanley Hernandez
|
|
|
Batting: RHB Joaquin Salazar
|
0-0: Ball 1-0: Ball 2-0: Ball 3-0: Fly out, F5 (Line Drive, 56, EV 73.8 MPH)
|
|
Batting: RHB Rich Griffith
|
0-0: Ball 1-0: Called Strike 1-1: Called Strike 1-2: Foul Ball, location: 2F 1-2: Ball 2-2: Foul Ball, location: 2F 2-2: Ball 3-2: Base on Balls
|
|
Batting: RHB Eddie Luna
|
0-0: Ball 1-0: Grounds into double play, 5-4-3 (Groundball, 56, EV 89.4 MPH)
|
| Bottom of the 6th over - 0 runs, 0 hits, 0 errors, 0 left on base; Bluefield 3 - Seattle (APP) 9 |
| TOP OF THE 7TH |
|
Bluefield Blue Jays batting - Pitching for Seattle (APP) Mariners : RHP Daniel Villalobos
|
|
Batting: SHB Miguel Sano Jr.
|
0-0: Ball 1-0: Ball 2-0: Called Strike 2-1: Swinging Strike 2-2: Ground out 4-3 (Groundball, 34S, EV 88.1 MPH)
|
|
Batting: RHB Lewis O'Connell
|
0-0: Ball 1-0: Foul Ball, location: 2F 1-1: Ball 2-1: Swinging Strike 2-2: Strikes out swinging
|
|
Batting: SHB Toby Patenaude
|
0-0: Ball 1-0: Ball 2-0: Called Strike 2-1: Foul Ball, location: 2F 2-2: Foul Ball, location: 2F 2-2: Ball 3-2: SINGLE (Line Drive, 89S, EV 105.6 MPH)
|
|
Batting: RHB Mark Noftall
|
0-0: Ball 1-0: Fly out, F8 (Flyball, 89D, EV 90.0 MPH)
|
| Top of the 7th over - 0 runs, 1 hit, 0 errors, 1 left on base; Bluefield 3 - Seattle (APP) 9 |
| BOTTOM OF THE 7TH |
|
Seattle (APP) Mariners batting - Pitching for Bluefield Blue Jays : RHP Philip Sonnichsen
|
|
Batting: RHB Ross Hallock
|
0-0: Called Strike 0-1: Ball 1-1: Ball 2-1: Ball 3-1: Ground out 4-3 (Groundball, 4, EV 111.2 MPH)
|
|
Batting: SHB Carlos Luna
|
0-0: SINGLE (Line Drive, 56, EV 93.8 MPH)
|
|
Batting: RHB Steve Carmichael
|
0-0: Swinging Strike 0-1: Called Strike 0-2: Ball 1-2: Strikes out looking
|
|
Batting: RHB Ziven Badersky
|
0-0: Ball 1-0: Ball 2-0: Fly out, F8 (Flyball, 8RD, EV 95.6 MPH)
|
| Bottom of the 7th over - 0 runs, 1 hit, 0 errors, 1 left on base; Bluefield 3 - Seattle (APP) 9 |
| TOP OF THE 8TH |
|
Bluefield Blue Jays batting - Pitching for Seattle (APP) Mariners : RHP Daniel Villalobos
|
|
Batting: RHB Cedric Nicholls
|
0-0: Called Strike 0-1: Foul Ball, location: 2F 0-2: Fly out, F8 (Flyball, 8RXD, EV 108.8 MPH)
|
|
Batting: LHB Jessie Stewart
|
0-0: Ball 1-0: Reached on error, E9 (Line Drive, 89D, EV 100.0 MPH)
|
|
Batting: RHB Tom Bergman
|
0-0: Ball 1-0: Called Strike 1-1: SINGLE (Line Drive, 56D, EV 95.0 MPH) Jessie Stewart to second
|
|
Batting: RHB Victor Ortiz
|
0-0: Ball 1-0: Called Strike 1-1: Swinging Strike 1-2: Foul Ball, location: 2F 1-2: Foul Ball, location: 2F 1-2: Strikes out swinging
|
|
Batting: RHB Hanley Hernandez
|
0-0: Fielders Choice at 2nd, 5-4 (Groundball, 56, EV 83.8 MPH)
|
| Top of the 8th over - 0 runs, 1 hit, 1 error, 2 left on base; Bluefield 3 - Seattle (APP) 9 |
| BOTTOM OF THE 8TH |
|
Seattle (APP) Mariners batting - Pitching for Bluefield Blue Jays : RHP Philip Sonnichsen
|
|
Batting: LHB Prince Nunley
|
0-0: Ball 1-0: Ball 2-0: Ball 3-0: Base on Balls
|
|
Batting: LHB Yoshihisa Kobayashi
|
0-0: Called Strike 0-1: Ball 1-1: Reached on error, E4 (Groundball, 4, EV 108.1 MPH) Prince Nunley to second
|
|
Pitching: RHP Tim Donovan
|
|
|
Batting: RHB Joaquin Salazar
|
0-0: Ball 1-0: Ball 2-0: SINGLE (Line Drive, 7S, EV 101.2 MPH) Prince Nunley to third Yoshihisa Kobayashi to second
|
|
Batting: RHB Rich Griffith
|
0-0: Ball 1-0: Ball 2-0: Swinging Strike 2-1: Swinging Strike 2-2: Ball 3-2: Fly out, F9 (Flyball, 89D, EV 90.0 MPH) Runner from 3rd tags up, SCORES, throw by RF Yoshihisa Kobayashi to third
|
|
Batting: RHB Eddie Luna
|
0-0: Ball Joaquin Salazar steals 2nd base 1-0: Fly out, F7 (Flyball, 7, EV 87.5 MPH)
|
|
Pinch Hitting: RHB Neal Perucci
|
0-0: Swinging Strike 0-1: Ball 1-1: Foul Ball, location: 2F 1-2: Fly out, F5 (Popup, 5F, EV 61.2 MPH)
|
| Bottom of the 8th over - 1 run, 1 hit, 1 error, 2 left on base; Bluefield 3 - Seattle (APP) 10 |
| TOP OF THE 9TH |
|
Bluefield Blue Jays batting - Pitching for Seattle (APP) Mariners : RHP Daniel Villalobos
|
|
Now at 1B: Frank Amato
|
|
|
Pinch Hitting: RHB Brandon Williams
|
0-0: Ball 1-0: Ball 2-0: Ball 3-0: Base on Balls
|
|
Pitching: RHP Domingo Maldonado
|
|
|
Batting: RHB Lewis O'Connell
|
0-0: Ball 1-0: Swinging Strike 1-1: Foul Ball, location: 2F 1-2: Strikes out swinging
|
|
Batting: SHB Toby Patenaude
|
0-0: Ball 1-0: Called Strike 1-1: Ball 2-1: Ball 3-1: Base on Balls Brandon Williams to second
|
|
Batting: RHB Mark Noftall
|
0-0: Called Strike 0-1: Called Strike 0-2: Ball 1-2: Ball 2-2: Ball 3-2: DOUBLE (Line Drive, 7LS, EV 114.4 MPH) Brandon Williams scores Toby Patenaude to third
|
|
Batting: RHB Cedric Nicholls
|
0-0: Ball 1-0: SINGLE (Groundball, 56D, EV 111.2 MPH) Toby Patenaude scores Mark Noftall to third
|
|
Pitching: LHP David Reyes
|
|
|
Batting: LHB Jessie Stewart
|
0-0: Ball 1-0: Foul Ball, location: 2F 1-1: Called Strike 1-2: Strikes out swinging
|
|
Batting: RHB Tom Bergman
|
0-0: Called Strike 0-1: Foul Ball, location: 2F 0-2: Foul Ball, location: 2F 0-2: Strikes out looking
|
| Top of the 9th over - 2 runs, 2 hits, 0 errors, 2 left on base; Bluefield 5 - Seattle (APP) 10 |
|